Map: Ever Dream LE

Players

zLORD - Winner!

  • Race: Zerg Zerg
  • League: Platinum
  • Spawn Location: 7:00

IlllllIlllll

  • Race: Terran Terran
  • League: Platinum
  • Spawn Location: 1:00

VOD

Have the link to the VOD?

Description

Time

  • Played on: March 22, 2020, 6:54 a.m.
  • Length: 20:48
Show
View Real Time Build Order
Export as new Build Order

zLORD Zerg - Winner!

Build Orders: Hatch First, Lurkers 

Get SALT Encoding   

  12  0:02  Drone  
  13  0:13  Overlord  
  13  0:16  Drone  
  14  0:31  Drone x2  
  14  0:35  Drone  
  17  0:51  Hatchery  
  17  0:54  Drone  
  17  0:58  Drone  
  18  1:07  Drone  
  19  1:16  Spawning Pool  
  18  1:19  Drone  
  18  1:22  Extractor  
  18  1:29  Drone  
  19  1:39  Overlord  
  19  1:50  Drone  
  20  2:02  Queen  
  20  2:03  Queen  
  20  2:04  Zergling x4  
  26  2:16  Drone x2  
  29  2:22  Drone  
  29  2:27  Drone  
  30  2:33  Overlord  
  30  2:42  Lair, Queen  
  32  2:48  Drone x3  
  35  2:55  Overlord  
  35  2:58  Drone  
  36  3:08  Drone  
  36  3:10  Drone  
  38  3:14  Hatchery  
  38  3:16  Drone  
  38  3:17  Drone x2  
  38  3:18  Drone  
  41  3:21  Drone  
  41  3:23  Drone  
  41  3:25  Drone  
  44  3:32  Drone x2  
  46  3:37  Roach Warren  
  46  3:40  Drone  
  46  3:41  Evolution Chamber  
  46  3:42  Overseer  
  46  3:47  Drone x2  
  47  3:51  Extractor  
  47  3:53  Extractor  
  45  3:58  Overlord  
  45  4:00  Drone x2  
  45  4:01  Drone  
  45  4:02  Drone  
  49  4:07  Zerg Missile Weapons Level 1  
  49  4:20  Roach x3  
  49  4:23  Roach  
  57  4:28  Overlord  
  57  4:29  Roach  
  59  4:38  Roach  
  59  4:39  Roach x2  
  65  4:47  Overlord  
  65  4:48  Roach x4  
  65  4:52  Glial Reconstitution  
  73  5:04  Overlord x2, Queen  
  73  5:05  Roach x3  
  81  5:15  Overlord x2  
  79  5:23  Roach x6  
  79  5:27  Roach  
  85  5:32  Roach  
  85  5:33  Roach  
  89  5:47  Overlord  
  89  5:48  Drone  
  89  5:49  Drone x8  
  98  5:57  Evolution Chamber  
  98  5:58  Hydralisk Den  
  96  6:06  Drone  
  96  6:07  Drone x7  
  104  6:16  Zerg Missile Weapons Level 2  
  104  6:21  Overlord  
  104  6:22  Drone x2  
  104  6:23  Drone x4  
  110  6:41  Hatchery  
  109  6:48  Hydralisk  
  109  6:49  Hydralisk x4, Extractor  
  109  6:50  Hydralisk x3  
  109  6:51  Hydralisk  
  109  6:53  Extractor  
  125  7:00  Overlord x2  
  125  7:04  Grooved Spines  
  126  7:22  Drone  
  126  7:23  Drone x9  
  126  7:26  Zerg Ground Armor Level 1  
  135  7:32  Drone x4  
  139  7:43  Drone x6  
  145  8:00  Extractor  
  144  8:06  Drone x6  
  144  8:07  Drone x2, Overlord x2  
  144  8:08  Overlord  
  152  8:13  Lurker Den  
  152  8:15  Infestation Pit  
  152  8:18  Extractor  
  149  8:20  Extractor  
  149  8:24  Overlord x3  
  149  8:25  Overlord  
  148  8:33  Hydralisk  
  148  8:34  Hydralisk x9  
  150  8:39  Overlord x5  
  168  9:04  Hatchery  
  167  9:13  Hydralisk x4  
  167  9:16  Lurker x5  
  167  9:17  Lurker, Hatchery  
  180  9:19  Roach x2  
  184  9:30  Hydralisk x5  
  194  9:41  Drone x2  
  194  9:42  Drone x2  
  194  9:43  Drone x2  
  200  9:48  Extractor  
  200  9:51  Extractor  
  198  10:09  Hydralisk  
  198  10:10  Hydralisk x5  
  198  10:11  Hydralisk x6  
  198  10:12  Hydralisk x4  
  185  10:19  Queen  
  152  10:21  Hydralisk x3  
  142  10:33  Hydralisk  
  142  10:34  Hydralisk x4  
  152  10:43  Hydralisk  
  152  10:44  Hydralisk x4  
  162  10:55  Drone  
  163  11:00  Lurker  
  163  11:01  Lurker x3  
  156  11:28  Hydralisk x4  
  156  11:29  Hydralisk x5  
  156  11:30  Hydralisk x2  
  156  11:32  Zerg Ground Armor Level 2  
  173  11:50  Hydralisk  
  173  11:51  Hydralisk x7  
  189  11:57  Spore Crawler  
  180  12:06  Drone x3  
  180  12:07  Drone x2  
  183  12:11  Queen  
  185  12:18  Spine Crawler  
  181  12:23  Spore Crawler  
  181  12:24  Spine Crawler  
  181  12:25  Spine Crawler  
  181  12:28  Hydralisk x5  
  181  12:29  Hydralisk x11  
  186  12:33  Hydralisk  
  163  12:48  Hydralisk  
  163  12:49  Hydralisk x4  
  163  12:50  Hydralisk  
  149  13:05  Hydralisk  
  149  13:06  Hydralisk x5  
  149  13:11  Hydralisk  
  147  13:15  Extractor  
  147  13:16  Extractor  
  147  13:19  Hive  
  145  13:54  Drone  
  145  13:55  Drone x2  
  148  13:56  Drone x3  
  148  13:57  Drone x3  
  148  13:58  Drone  
  148  14:02  Lurker Den  
  154  14:03  Spire  
  154  14:09  Queen  
  155  14:18  Spine Crawler  
  155  14:20  Spore Crawler  
  155  14:22  Hydralisk x4  
  155  14:23  Hydralisk x11  
  183  14:26  Metabolic Boost  
  183  14:33  Queen  
  185  14:50  Hydralisk x3  
  185  14:51  Hydralisk x6  
  199  14:53  Hydralisk  
  181  15:05  Hydralisk  
  181  15:06  Hydralisk x9  
  176  15:07  Hydralisk  
  170  15:14  Hatchery  
  170  15:18  Hydralisk  
  170  15:19  Hydralisk x4  
  178  15:29  Hatchery  
  178  15:34  Hatchery  
  176  15:39  Lurker x3  
  176  15:40  Lurker  
  176  15:42  Lurker  
  177  16:00  Lurker x3  
  177  16:01  Lurker  
  181  16:11  Spore Crawler  
  181  16:16  Muscular Augments  
  181  16:17  Greater Spire  
  180  16:25  Hydralisk  
  149  16:30  Hydralisk  
  149  16:31  Hydralisk x6  
  149  16:32  Hydralisk  
  155  16:33  Queen  
  155  16:55  Hydralisk x4  
  155  16:56  Hydralisk x7  
  175  17:06  Hydralisk  
  175  17:07  Hydralisk x4  
  170  17:18  Hydralisk  
  170  17:19  Hydralisk x4, Hatchery  
  170  17:20  Hydralisk  
  173  17:27  Extractor  
  173  17:28  Drone x3  
  173  17:29  Drone x3, Extractor  
  164  17:36  Lurker x3  
  161  17:49  Hydralisk  
  161  17:50  Hydralisk x4  
  171  18:00  Seismic Spines  
  156  18:40  Hydralisk  
  156  18:41  Hydralisk x11  
  177  18:54  Extractor  
  173  18:59  Hydralisk  
  175  19:12  Lurker x2  
  174  19:33  Drone x4  
  174  19:34  Drone x5  
  170  19:46  Lurker x2  
  150  20:03  Hatchery  
  150  20:06  Drone x5  
  154  20:08  Drone x2  
  131  20:29  Drone x2  
  131  20:30  Drone x4  
  131  20:31  Drone x7  
Show
View Real Time Build Order
Export as new Build Order

IlllllIlllll Terran 

Build Orders:  

Get SALT Encoding   

  12  0:01  SCV  
  13  0:13  SCV  
  14  0:21  Supply Depot  
  14  0:25  SCV  
  15  0:43  SCV  
  15  0:44  Barracks  
  15  0:47  Refinery  
  16  0:55  SCV  
  17  1:07  SCV  
  18  1:19  SCV  
  19  1:27  Command Center  
  19  1:32  SCV  
  20  1:39  Bunker  
  20  1:41  Marine  
  20  1:45  SCV  
  22  1:58  Orbital Command  
  22  2:09  Barracks Reactor  
  22  2:10  Supply Depot  
  22  2:22  Barracks  
  22  2:28  Barracks  
  22  2:32  SCV  
  23  2:44  Orbital Command  
  23  2:47  SCV  
  23  2:49  Marine  
  25  2:53  Marine  
  26  2:59  SCV  
  27  3:10  Barracks Tech Lab  
  27  3:11  SCV  
  28  3:13  Marine x2  
  28  3:15  SCV  
  28  3:17  Barracks Tech Lab  
  31  3:23  SCV, Supply Depot  
  32  3:27  SCV  
  32  3:30  Marine  
  32  3:31  Marine, Stimpack  
  35  3:35  Combat Shield, SCV  
  35  3:39  Marauder  
  38  3:42  Marauder  
  38  3:46  SCV  
  38  3:47  SCV  
  42  3:51  Marine  
  42  3:53  Marine  
  44  3:58  SCV  
  44  3:59  SCV  
  46  4:06  Marauder x2  
  46  4:09  Marine  
  51  4:10  SCV  
  51  4:11  Marine  
  51  4:13  Supply Depot  
  51  4:16  Supply Depot  
  53  4:22  SCV  
  54  4:30  Marine x2, Marauder x2  
  60  4:45  SCV x2  
  62  4:48  Marine x2  
  62  4:52  Marauder x2  
  68  4:55  Refinery  
  68  4:57  SCV x2  
  68  4:58  Engineering Bay  
  70  5:05  Marine x2  
  72  5:09  SCV x2  
  72  5:13  Marine, Marauder  
  72  5:21  SCV  
  72  5:22  SCV  
  72  5:23  Marine x2  
  64  5:31  Marauder  
  64  5:33  SCV  
  64  5:34  SCV, Marine  
  65  5:41  Marine x2  
  67  5:43  Refinery  
  67  5:45  Refinery  
  67  5:46  SCV x2  
  69  5:52  Marauder  
  69  5:56  Command Center  
  71  5:58  SCV x2, Supply Depot, Engineering Bay  
  73  6:07  Marauder  
  73  6:10  SCV x2  
  77  6:20  Marauder  
  77  6:22  SCV x2, Barracks  
  77  6:23  Barracks  
  77  6:24  Terran Infantry Weapons Level 1  
  77  6:25  Terran Infantry Armor Level 1  
  81  6:27  Factory  
  81  6:34  SCV x2  
  81  6:39  Supply Depot  
  83  6:40  Supply Depot  
  83  6:46  SCV x2  
  85  6:48  Missile Turret  
  85  6:55  Marine  
  85  7:01  SCV x2, Marauder x2  
  92  7:08  Missile Turret  
  92  7:10  Orbital Command  
  92  7:13  SCV x2  
  92  7:15  Refinery  
  94  7:19  Refinery  
  94  7:20  Starport, Factory Reactor  
  94  7:22  Barracks Tech Lab  
  94  7:23  Barracks Tech Lab  
  94  7:25  SCV x2  
  94  7:26  Barracks  
  96  7:31  Marauder x2  
  100  7:37  SCV  
  100  7:39  Armory  
  100  7:41  Supply Depot  
  100  7:43  Marine x2, Marauder x2  
  107  7:44  Supply Depot  
  107  7:45  Supply Depot  
  107  7:46  Supply Depot  
  107  7:50  SCV x2  
  109  7:52  Marauder x2  
  113  8:00  Missile Turret  
  113  8:10  Marauder x2  
  113  8:11  Marine x2  
  119  8:13  Marine  
  119  8:14  Marauder, Medivac  
  119  8:15  Medivac  
  126  8:24  Marine  
  126  8:25  SCV x2  
  129  8:29  Marine  
  129  8:31  Marauder x2  
  129  8:32  Marauder  
  136  8:35  Terran Infantry Weapons Level 2  
  138  8:44  Terran Infantry Armor Level 2, Medivac  
  138  8:45  Marine x2, Medivac  
  138  8:46  Marine x2  
  144  8:52  Marine x3, Supply Depot  
  144  8:54  Supply Depot  
  147  9:00  Command Center  
  147  9:03  Marine  
  147  9:06  Marine  
  149  9:14  Marine, Marauder x2, Medivac  
  149  9:15  Medivac  
  149  9:16  Marauder x2  
  162  9:17  Supply Depot  
  162  9:19  Supply Depot  
  162  9:21  Marine  
  163  9:24  SCV x2, Marine  
  166  9:31  Marine  
  166  9:36  Marauder  
  169  9:39  Marine x2, Marauder x2  
  169  9:42  Marine  
  169  9:44  Medivac  
  83  9:45  Medivac  
  178  9:47  Supply Depot  
  178  9:48  Supply Depot  
  178  9:49  Marine  
  181  9:57  Marine, Marauder  
  181  9:58  Marauder  
  186  10:01  Marauder  
  188  10:09  Marauder  
  188  10:14  Medivac  
  167  10:18  Marauder  
  167  10:19  Marauder  
  138  10:22  Marauder  
  138  10:27  Marine x3  
  141  10:30  Marauder  
  141  10:33  Orbital Command  
  143  10:40  Marauder x2  
  147  10:43  Marauder  
  147  10:45  Marine x3  
  147  10:48  Medivac x2  
  156  10:51  Marauder  
  158  11:01  Marauder  
  158  11:02  Marine, Marauder  
  158  11:03  Marine x2  
  165  11:05  Marauder  
  167  11:12  Marine  
  168  11:20  Marine x2  
  168  11:21  Marine  
  168  11:22  Marauder  
  168  11:23  Marauder  
  163  11:26  Marine  
  163  11:31  Marauder  
  154  11:38  Marine x3  
  157  11:44  Marauder x2  
  157  11:45  Marauder  
  163  11:52  Marauder  
  165  11:54  Terran Infantry Armor Level 3, Terran Infantry Weapons Level 3  
  165  11:56  Marine x3  
  166  12:05  Marine, Marauder  
  166  12:06  Marauder  
  164  12:13  Marauder  
  164  12:14  Marine x3  
  168  12:22  Marine  
  168  12:27  Marauder x2  
  153  12:32  Marine x3  
  153  12:35  Marauder  
  141  12:41  Marauder  
  137  12:46  Medivac x2  
  137  12:48  Marine x2  
  137  12:49  Marine x2  
  137  12:50  Marine  
  143  12:55  Marine  
  142  13:02  Marine  
  133  13:05  Marine  
  133  13:07  Marine x3, Marauder  
  127  13:14  Marauder  
  127  13:16  Medivac  
  122  13:20  Marauder  
  122  13:21  SCV x2  
  122  13:24  Marauder  
  122  13:25  Marine x3  
  129  13:27  Marine, Medivac  
  132  13:35  Marine  
  132  13:41  Marine  
  133  13:43  SCV x2, Marine x3  
  133  13:44  SCV x2  
  133  13:45  Marine x2  
  133  13:46  Barracks, Medivac  
  133  13:47  Barracks  
  145  13:49  Barracks x2  
  145  13:53  Marauder  
  147  13:57  Command Center, Medivac  
  147  13:59  Marine  
  147  14:01  Marine x3  
  147  14:02  Marine  
  153  14:03  Marine  
  155  14:12  SCV  
  155  14:14  Marine  
  155  14:16  Unknown, Marine, Medivac  
  159  14:18  Marine  
  159  14:19  Marine x2  
  159  14:21  Marine, Marauder  
  159  14:23  Command Center  
  166  14:27  Medivac  
  168  14:32  Marine  
  168  14:34  Marine  
  168  14:36  Marine x2  
  168  14:37  Marine  
  173  14:39  Marauder  
  173  14:42  Marine  
  176  14:49  Marine  
  178  14:53  Marauder  
  178  14:54  Marine x3  
  178  15:00  Marauder  
  178  15:01  Marauder  
  160  15:08  Marauder  
  160  15:12  Marine x3  
  153  15:14  Marauder  
  153  15:16  Barracks Reactor x4  
  153  15:21  Marine, Marauder  
  154  15:29  Marine  
  154  15:30  Marine x3, Medivac x2  
  148  15:35  Marauder  
  148  15:39  Marine  
  148  15:42  Marine  
  142  15:47  Marine x2  
  142  15:48  Marine x2  
  144  15:54  Marine x3  
  144  15:55  Marine x5  
  144  15:56  Marine  
  153  15:57  Marine  
  153  16:00  Marine, Orbital Command, Medivac x2  
  153  16:03  Planetary Fortress  
  159  16:04  Marine  
  159  16:05  Marine x2  
  159  16:06  Marine  
  163  16:12  Marine x4  
  163  16:13  Marine x3  
  163  16:14  Marine x2  
  163  16:15  Marine  
  163  16:18  Marine  
  174  16:22  Marine  
  174  16:23  Marine x3  
  159  16:30  Marine x6, Medivac  
  159  16:31  Marine  
  159  16:32  Marine x2  
  146  16:33  Marine  
  146  16:36  Marine  
  149  16:41  Marine x3, Marauder  
  154  16:47  Marine  
  154  16:48  Marine x6  
  154  16:50  Marine x3  
  154  16:53  Marine  
  165  16:59  Marine x3  
  168  17:01  Marine  
  168  17:05  Marine x2  
  168  17:06  Marine x5  
  168  17:08  Marine, Marauder  
  173  17:09  Marauder  
  173  17:12  Marauder  
  167  17:18  Marine x2  
  167  17:19  Marine  
  167  17:20  Marauder  
  151  17:28  SCV  
  151  17:29  Marauder  
  152  17:30  Marauder  
  152  17:33  Marauder  
  156  17:41  Marauder  
  148  17:45  Marine  
  148  17:51  Marauder  
  151  17:52  Marauder  
  151  17:55  Marauder  
  151  18:02  Marauder  
  147  18:12  Marauder  
  149  18:13  Marauder  
  149  18:14  Marine x3  
  149  18:16  SCV x2, Marauder  
  158  18:20  SCV x2  
  158  18:24  Marauder  
  157  18:34  Marauder x2  
  159  18:37  Marauder  
  163  18:41  Marine x3  
  163  18:42  Marine  
  163  18:44  Medivac  
  163  18:45  Marauder, Medivac  
  173  18:55  Marauder  
  156  18:56  Marauder  
  156  18:59  Marine x3, Marauder  
  162  19:07  Marauder  
  158  19:14  Medivac  
  158  19:16  Marauder  
  157  19:17  Marauder  
  157  19:21  Marine x3  
  157  19:22  Marine x4, Marauder  
  157  19:23  Marine x4  
  141  19:28  Marauder  
  141  19:37  Marine  
  141  19:38  Marine  
  130  19:56  Marine  
  130  19:57  Marine x4, Marauder  
  130  19:58  Marine x2, Marauder x3  
  130  19:59  Marine  
  121  20:06  Medivac x2  
  125  20:08  Marine x3  
  128  20:19  Marauder x2  
  128  20:20  Marauder x2  
  113  20:29  Marine x2  
  113  20:30  Marine x2  
Tags
 
Composition
Lurkers
Matchup
TvZ
Spawn Locations
Cross Positions
Add a new tag
Caveats
  • Supply blocks, unpowered buildings, or Contaminate may cause inaccurate times.
  • Supply counts are checked every 10 seconds.